Map: Redshift LE

Players

DnS - Winner!

  • Race: Protoss Protoss
  • Spawn Location: 11:00

MaSa

  • Race: Terran Terran
  • Spawn Location: 7:00

Event: WCS Austin 2018

VOD

Have the link to the VOD?

Description

Time

  • Played on: June 1, 2018, 10:46 p.m.
  • Length: 4:29

All games in this series

Show
View Real Time Build Order
Export as new Build Order

DnS Protoss - Winner!

Build Orders:  

Get SALT Encoding   

  12  0:00  Probe  
  13  0:12  Probe  
  14  0:17  Pylon  
  14  0:24  Probe  
  15  0:32  Probe  
  15  0:37  Gateway  
  15  0:40  Probe  
  16  0:45  Assimilator  
  17  0:51  Probe  
  18  1:03  Probe  
  19  1:15  Probe  
  20  1:30  Cybernetics Core  
  20  1:32  Zealot  
  22  1:35  Probe, Pylon  
  22  1:37  Assimilator  
  23  1:53  Probe  
  24  1:57  Stalker, Warp Gate  
  24  2:05  Probe  
  27  2:17  Shield Battery, Probe  
  28  2:26  Robotics Facility  
  28  2:34  Stalker  
  30  2:48  Gateway  
  30  2:49  Gateway  
  30  3:04  Warp Prism  
  30  3:08  Pylon  
  31  3:28  Pylon  
  31  3:40  Immortal  
  35  3:59  Pylon  
  35  4:01  Stalker x3  
  31  4:26  Stalker x2  
Show
View Real Time Build Order
Export as new Build Order

MaSa Terran 

Build Orders:  

Get SALT Encoding   

  12  0:00  SCV  
  13  0:12  SCV  
  14  0:20  Supply Depot  
  14  0:24  SCV  
  15  0:42  Barracks  
  15  0:51  Barracks  
  15  0:54  SCV  
  16  1:02  Refinery  
  16  1:06  SCV  
  17  1:18  SCV  
  18  1:30  Orbital Command, Marine  
  19  1:36  Bunker  
  19  1:43  Marine  
  19  1:46  Supply Depot  
  20  1:48  Marine  
  21  1:57  SCV  
  22  2:01  Marine  
  22  2:07  Marine  
  24  2:09  SCV  
  25  2:15  Factory  
  25  2:21  SCV  
  26  2:27  Refinery  
  26  2:33  SCV  
  29  2:45  SCV  
  29  2:48  Supply Depot  
  30  2:57  SCV  
  29  3:10  SCV  
  30  3:16  Command Center  
  30  3:22  Cyclone, SCV  
  34  3:34  SCV  
  35  3:37  Bunker  
  35  3:41  Starport  
  35  3:46  Engineering Bay  
  35  3:48  SCV  
  36  3:55  Bunker  
  35  4:02  Marine  
  39  4:11  SCV  
Tags
 
Add a new tag
Caveats
  • Supply blocks, unpowered buildings, or Contaminate may cause inaccurate times.
  • Supply counts are checked every 10 seconds.